 Dungeon Crawl Stone Soup version 0.20.1-1-g8b1a95d (webtiles) character file.

3227 Monsterracer the Basher (level 9, -9/70 HPs)
             Began as an Octopode Berserker on Aug 11, 2017.
             Was an Elder of Trog.
             Mangled by equalderp2856's ghost (18 damage)
             ... on level 8 of the Dungeon.
             The game lasted 00:15:18 (6211 turns).

Monsterracer the Basher (Octopode Berserker)        Turns: 6211, Time: 00:15:19

Health: -9/70      AC:  1    Str: 15 (16) XL:     9   Next: 98%
Magic:  9/9        EV: 20    Int: 10      God:    Trog [****..]
Gold:   82         SH:  0    Dex: 21      Spells: 8/8 levels left

rFire    + . .     SeeInvis .   p - +0 morningstar (curse)
rCold    . . .     Gourm    .   (no shield)
rNeg     . . .     Faith    .   (helmet restricted)
rPois    .         Spirit   .   (no amulet)
rElec    .         Reflect  .   d - ring of flight
rCorr    .         Harm     .   l - +5 ring of dexterity
MR       ++...                  r - ring of protection from cold
Stlth    +++.......             k - ring of fire
Regen    1.0/turn               (no ring)
MPRegen  0.2/turn               (no ring)
                                (no ring)
                                (no ring)

@: berserk cooldown, regenerating, slowed, very slow
A: almost no armour, stealthy swim, amphibious, 8 rings, constrict 8, camouflage
1, agile 1, deterioration 1, sense surroundings 1, inhibited regeneration,
gelatinous body 1
a: Berserk, Trog's Hand, Brothers in Arms, Burn Spellbooks, Renounce Religion,
Evoke Flight


You were on level 8 of the Dungeon.
You worshipped Trog.
Trog was greatly pleased with you.
You were hungry.

You visited 1 branch of the dungeon, and saw 8 of its levels.
You also visited: Sewer.

You collected 337 gold pieces.
You spent 255 gold pieces at shops.

Inventory:

Hand Weapons
 p - a cursed +0 morningstar (weapon)
Missiles
 v - a throwing net (quivered)
Jewellery
 d - a ring of flight (left tentacle)
 k - a ring of fire (on tentacle)
 l - a +5 ring of dexterity (right tentacle)
 r - a ring of protection from cold (on tentacle)
Wands
 m - a wand of digging (14/24)
Scrolls
 a - 5 scrolls of teleportation
 i - a scroll of enchant weapon
 n - 2 scrolls of identify
 q - 3 scrolls of remove curse
Potions
 c - a potion of invisibility
 e - 2 potions of curing
 j - 3 potions of magic
 o - 2 potions of might
 s - a potion of lignification
 t - 5 potions of flight
 u - 4 potions of heal wounds
 w - a potion of degeneration
 z - a potion of ambrosia
Comestibles
 b - 4 bread rations
 f - 2 royal jellies
 g - 8 fruits
 h - 3 meat rations
 x - a chunk of flesh


   Skills:
 * Level 10.0 Fighting
 * Level 11.0 Maces & Flails
 + Level 8.3 Dodging


You had 8 spell levels left.
You didn't know any spells.

Dungeon Overview and Level Annotations

Branches:
Dungeon (8/15)             Temple (0/1) D:7
   Lair: D:8-11

Altars:
Cheibriados
Fedhas

Shops:
D:7 !

Annotations:
D:8 equalderp2856's ghost, novice MiFi


Innate Abilities, Weirdness & Mutations

You cannot wear most types of armour.
You are very stealthy in the water. (Stealth+)
You are amphibious.
You can wear up to eight rings at the same time.
You can use your tentacles to constrict eight enemies at once.
Your skin changes colour to match your surroundings (Stealth+).
Your rubbery body absorbs attacks. (AC +1, EV +1)
You are agile. (Dex +2)
Your body sometimes deteriorates upon taking damage.
You passively map a small area around you.
You do not regenerate when monsters are visible.


Message History

Huge Dmg: -17%(-12hp) hp: 36%(25hp)
You barely miss equalderp2856's ghost.
You squeeze equalderp2856's ghost, but do no damage.
Equalderp2856's ghost is severely damaged.
Equalderp2856's ghost hits you!
* * * LOW HITPOINT WARNING * * *
Your body deteriorates!
You feel weakened.
Huge Dmg: -21%(-15hp) hp: 15%(10hp)
Your skin crawls.
You feel resistant to hostile enchantments.
You feel somewhat more hungry.
Equalderp2856's ghost completely misses you.
Equalderp2856's ghost barely misses you.
Unknown command.
You fail to use your ability.
Equalderp2856's ghost hits you.
* * * LOW HITPOINT WARNING * * *
You fail to use your ability.
Equalderp2856's ghost hits you.
* * * LOW HITPOINT WARNING * * *
Equalderp2856's ghost hits you!!
You die...

## * ., .# ##.#
#....[.....* , .# ##...
#.......... , * .#
##..)### #.......... , *
.###..##.. ##..........
, ,* .>[..##..
*#...........
.....##.#####.#.>.......
##.[[.#.#.......W.......
**
....#...........@...?...
...........###..........
##..###.#.####..........
#..# #.#.#.....$.......
#..# ###.#.###........#
...# #...# ##......##
##..* ##### ########
#..* #..


You could see equalderp2856's ghost.

Vanquished Creatures
  The ghost of graki42 the Thaumaturge, a novice DEFE of Vehumet (D:7)
  A hippogriff (D:8)
  An ice beast (D:5)
  An orc warrior (D:6)
  A phantom (D:8)
  3 sky beasts
  4 ogres
  A big kobold (Sewer)
  2 bullfrogs (D:6)
  9 wights (D:6)
  A crimson imp (D:5)
  3 jellies
  A hound (D:4)
  2 bullfrog skeletons
  2 orc priests (D:6)
  2 orc wizards (D:6)
  An iguana (D:4)
  Natasha (twice) (D:2)
  3 worker ants (D:6)
  2 hound skeletons
  A worker ant zombie (D:5)
  A gnoll (D:1)
  10 adders
  A shadow imp (D:5)
  An ooze (D:2)
  2 worms
  4 dart slugs
  4 leopard geckos
  3 orcs
  3 ball pythons
  8 giant cockroaches
  12 goblins
  10 hobgoblins
  8 jackals
  3 quokkas
  5 bats
  9 frilled lizards
  A jackal skeleton (D:4)
  A jackal zombie (D:6)
  11 kobolds
  8 rats
149 creatures vanquished.

Notes
Turn   | Place    | Note
-------+----------+-------------------------------------------
     0 | D:1      | Monsterracer the Octopode Berserker began the quest for the Orb.
     0 | D:1      | Reached XP level 1. HP: 16/16 MP: 1/1
    88 | D:1      | HP: 5/16 [gnoll/club (10)]
    90 | D:1      | Reached XP level 2. HP: 4/21 MP: 2/2
   430 | D:1      | Reached XP level 3. HP: 25/26 MP: 3/3
   742 | D:1      | Found a snail-covered altar of Cheibriados.
  1324 | D:2      | Reached ** piety under Trog
  1331 | D:2      | Reached XP level 4. HP: 33/33 MP: 4/4
  1397 | D:2      | Found a faded altar of an unknown god.
  1423 | D:2      | Noticed Natasha
  1439 | D:2      | HP: 22/49 [Natasha (4)]
  1440 | D:2      | Killed Natasha
  1728 | D:2      | Noticed Natasha
  1734 | D:2      | Killed Natasha
  1734 | D:2      | Reached skill level 4 in Maces & Flails
  1734 | D:2      | Reached XP level 5. HP: 19/37 MP: 5/5
  2252 | D:3      | Found a glowing drain.
  2254 | D:3      | Reached *** piety under Trog
  2353 | Sewer    | Entered a sewer
  2421 | Sewer    | Noticed a big kobold
  2438 | Sewer    | HP: 18/38 [kobold (2)]
  2441 | Sewer    | Killed a big kobold
  2441 | Sewer    | Reached skill level 5 in Fighting
  2441 | Sewer    | Reached XP level 6. HP: 30/45 MP: 6/6
  2443 | Sewer    | HP: 31/67 [poisoned by a kobold]
  2449 | Sewer    | HP: 28/67 [poisoned by a kobold]
  2455 | Sewer    | HP: 22/45 [poisoned by a kobold]
  2585 | Sewer    | Found a white marble altar of Elyvilon.
  3242 | D:5      | Entered Level 5 of the Dungeon
  3308 | D:5      | Reached skill level 5 in Maces & Flails
  3545 | D:5      | Reached XP level 7. HP: 50/50 MP: 7/7
  3797 | D:5      | Reached skill level 10 in Maces & Flails
  3797 | D:5      | Reached XP level 8. HP: 62/62 MP: 8/8
  4066 | D:5      | Got a translucent ivory amulet
  4081 | D:5      | Identified the amulet of Life {Spirit *Corrode Dex+5} (You found it on level 5 of the Dungeon)
  4237 | D:6      | Gained mutation: You are frail. (-10% HP) [mutagenic meat]
  4238 | D:6      | Gained mutation: You are agile. (Dex +2) [mutagenic meat]
  4239 | D:6      | Gained mutation: You are weak. (Str -2) [mutagenic meat]
  4240 | D:6      | Gained mutation: Your system is resistant to poisons. (rPois) [mutagenic meat]
  4301 | D:6      | Reached XP level 9. HP: 61/61 MP: 9/9
  4601 | D:6      | HP: 21/62 [orc warrior/short sword (17)]
  4602 | D:6      | HP: 2/62 [orc warrior/short sword (19)]
  4606 | D:6      | Reached **** piety under Trog
  4607 | D:6      | HP: 16/93 [orc wizard/magic dart (10)]
  4728 | D:5      | HP: 29/62 [leopard gecko (3)]
  4953 | D:6      | Found a blossoming altar of Fedhas.
  5470 | D:7      | Found a staircase to the Ecumenical Temple.
  5483 | D:7      | Noticed graki42's ghost (novice DEFE)
  5490 | D:7      | Killed graki42's ghost
  5684 | D:7      | Found Wumm's Distillery.
  5690 | D:7      | Bought a potion of degeneration for 15 gold pieces
  5690 | D:7      | Bought a potion of mutation for 120 gold pieces
  5690 | D:7      | Bought a potion of ambrosia for 120 gold pieces
  5690 | D:7      | Lost mutation: You are weak. (Str -2) [potion of mutation]
  5690 | D:7      | Lost mutation: You are frail. (-10% HP) [potion of mutation]
  5690 | D:7      | Lost mutation: You are agile. (Dex +2) [potion of mutation]
  5690 | D:7      | Lost mutation: Your system is resistant to poisons. (rPois) [potion of mutation]
  5690 | D:7      | Gained mutation: You do not regenerate when monsters are visible. [potion of mutation]
  5690 | D:7      | Gained mutation: You passively map a small area around you. [potion of mutation]
  5690 | D:7      | Gained mutation: Your body sometimes deteriorates upon taking damage. [potion of mutation]
  5690 | D:7      | Gained mutation: You are agile. (Dex +2) [potion of mutation]
  6102 | D:8      | Reached skill level 10 in Fighting
  6102 | D:8      | Reached skill level 11 in Maces & Flails
  6196 | D:8      | Noticed equalderp2856's ghost (novice MiFi)
  6198 | D:8      | HP: 52/105 [hippogriff (7)]
  6206 | D:8      | HP: 37/105 [equalderp2856's ghost (15)]
  6208 | D:8      | HP: 10/70 [equalderp2856's ghost (15)]
  6211 | D:8      | Mangled by equalderp2856's ghost

Skill      XL: |  1  2  3  4  5  6  7  8  9 |
---------------+----------------------------+-----
Fighting       | 4 5 8 9 10 | 10.0
Maces & Flails | 4 5 10 11 | 11.0
Dodging        | 4 7 8 |  8.3

Action                   |  1- 3 |  4- 6 |  7- 9 || total
-------------------------+-------+-------+-------++-------
Melee: Mace              |    47 |   114 |    55 ||   216
       Constrict         |    10 |    37 |    31 ||    78
       Tentacles         |     7 |    22 |    33 ||    62
       Morningstar       |       |       |    81 ||    81
Invok: Berserk           |     3 |     4 |    10 ||    17
       Trog's Hand       |       |     1 |     1 ||     2
  Use: Scroll            |       |     7 |     2 ||     9
       Potion            |       |       |    10 ||    10
 Stab: Sleeping          |     4 |    11 |     6 ||    21
  Eat: Chunk             |     3 |     9 |    16 ||    28
       Fruit             |       |     1 |     4 ||     5
       Meat ration       |       |       |     1 ||     1
Armor: Skin              |     1 |     7 |     5 ||    13
Dodge: Dodged            |    27 |    87 |    93 ||   207
